 Dungeon Crawl Stone Soup version 0.31-a0-210-gccc998df9b (webtiles) character file.

Game seed: 1301092755437453127

753 qw the Shooter (level 7, -1/44 HPs)
             Began as a Gargoyle Hexslinger on June 29, 2023.
             Slain by Duvessa
             ... wielding a +1 rapier of freezing
              (12 damage)
             ... on level 5 of the Dungeon.
             The game lasted 00:01:40 (3782 turns).

qw the Shooter (Gargoyle Hexslinger)                Turns: 3782, Time: 00:01:41

Health: -1/44      AC: 11    Str: 12    XL:     7   Next: 78%
Magic:  8/8        EV: 10    Int: 13    God:
Gold:   227        SH:  5    Dex: 14    Spells: 7/8 levels left

rFire   . . .        Y - +2 sling
rCold   . . .        (no shield)
rNeg    + . .        h - +0 ring mail
rPois   inf          j - +0 helmet
rElec   +            (no cloak)
rCorr   +            (no gloves)
SInv    .            (no boots)
Will    .....        e - amulet of reflection
Stlth   +            c - ring of resist corrosion
HPRegen 0.27/turn    (no ring)
MPRegen 0.11/turn

%: reflection
@: no status effects
A: sickness immunity, AC +4, negative energy resistance 1, electricity
resistance, torment resistance 1, petrification resistance
a: no special abilities


You were on level 5 of the Dungeon.
You visited 1 branch of the dungeon, and saw 5 of its levels.

You collected 227 gold pieces.


Innate Abilities, Weirdness & Mutations

You are immune to sickness and miasma.
Your stone body is resilient. (AC +4)
You are immune to poison.
You resist negative energy. (rN+)
You are resistant to electric shocks. (rElec)
You are resistant to unholy torment.
You are immune to petrification.


   Skills:
 - Level 4.4 Fighting
 + Level 7.4 Ranged Weapons
 - Level 1.0 Armour
 - Level 1.5 Dodging
 - Level 1.0 Spellcasting
 - Level 2.6 Hexes


You had 7 spell levels left.
You knew the following spells:

 Your Spells              Type           Power      Damage    Failure   Level
a - Slow                  Hex            28%        N/A       22%         1

Your spell library contained the following spells:

 Spells                   Type           Power      Damage    Failure   Level
 Inner Flame              Hex/Fire       4%         N/A       73%         3
 Portal Projectile        Hex/Tloc       8%         N/A       73%         3
 Cause Fear               Hex            3%         N/A       91%         4

Inventory:

Hand Weapons
 Y - a +2 sling (weapon)
Armour
 h - a +0 ring mail (worn)
 j - a +0 helmet (worn)
Jewellery
 c - a ring of resist corrosion (left hand)
 e - an amulet of reflection (around neck)
Scrolls
 a - a scroll of identify
Potions
 d - a potion of enlightenment
 f - a potion of curing
 g - a potion of might {unknown}
 i - a potion of lignification {unknown}
 l - a potion of heal wounds {unknown}

Dungeon Overview and Level Annotations

Branches:
Dungeon (5/15)
 Temple: D:4-7

Altars:
Dithmenos
Uskayaw
Xom

Annotations:
D:5 Dowan, Duvessa


Message History

The phantom closely misses you.
You shoot a sling bullet. The sling bullet hits the phantom.
You destroy the phantom!
You start resting.
HP restored.
Dowan, Brother of Duvessa comes into view.
He is wielding a +0 dagger.
Found a leather armour.
Dowan points at something and mumbles some strange words.
You hear a shout!
Enter note:
Enter note: You shoot a sling bullet.
The sling bullet completely misses Dowan.
Duvessa, Sister of Dowan comes into view.
She is wielding a +1 rapier of freezing.
You shoot a sling bullet. The sling bullet barely misses Dowan.
Duvessa says, "My weaknesses are his strengths!"
You shoot a sling bullet. The sling bullet closely misses Dowan.
You shoot a sling bullet. The sling bullet closely misses Dowan.
You shoot a sling bullet. The sling bullet closely misses Dowan.
Duvessa hits you with a +1 rapier of freezing!
Duvessa freezes you.
You shoot a sling bullet. The sling bullet barely misses Dowan.
Duvessa hits you with a +1 rapier of freezing!
Duvessa freezes you. Dowan hits you but does no damage.
Duvessa hits you with a +1 rapier of freezing!
Duvessa freezes you.
You shoot a sling bullet.
The sling bullet hits Dowan but does no damage.
Duvessa hits you but does no damage. Dowan closely misses you.
Duvessa barely misses you. Dowan hits you but does no damage.
You shoot a sling bullet. The sling bullet hits Dowan.
Dowan is lightly wounded.
Duvessa hits you with a +1 rapier of freezing.
Duvessa freezes you. Dowan barely misses you. Duvessa barely misses you.
You shoot a sling bullet. The sling bullet closely misses Dowan.
Duvessa hits you but does no damage. Dowan hits you but does no damage.
You shoot a sling bullet. The sling bullet hits Dowan.
Dowan is lightly wounded.
Duvessa hits you with a +1 rapier of freezing!
You die...

##.#.##.#.##.#.##.#.##
##.#.##.##.#.##.#.##
##.#.###.#.##.#.##
##.#.#.#.##.#.##
##.#.#.##.#.##
##.#.##.#.##
##.##.#.## ##.#.##
#.e@## [.....e........
.......####....
......# #. .....#
#...# ##+#


You could see Duvessa (fast) and Dowan.

Vanquished Creatures
  An ogre (D:4)
  3 phantoms (D:5)
  A scorpion (D:5)
  A jelly (D:5)
  4 hounds
  2 iguanas
  An orc wizard (D:4)
  4 gnolls
  5 adders
  A worm (D:4)
  3 dart slugs
  5 orcs
  5 endoplasms
  A giant cockroach (D:1)
  4 goblins
  2 hobgoblins
  5 jackals
  7 kobolds
  2 quokkas
  3 ball pythons
  5 bats
  2 frilled lizards (D:2)
  13 rats
80 creatures vanquished.

Notes
Turn   | Place    | Note
-------+----------+-------------------------------------------
     0 | D:1      | qw the Gargoyle Hexslinger began the quest for the Orb.
     0 | D:1      | Reached XP level 1. HP: 12/12 MP: 2/2
     0 | D:1      | 0 ||| qw: Version: 0.3-a-24-ga2abf7b
     0 | D:1      | 0 ||| qw: Game counter: 6933
     0 | D:1      | 0 ||| qw: Melee chars always use a shield: true
     0 | D:1      | 0 ||| qw: God list: Okawaru
     0 | D:1      | 0 ||| qw: Allow faded altars: false
     0 | D:1      | 0 ||| qw: Do Orc after clearing Dungeon:15 true
     0 | D:1      | 0 ||| qw: Do second Lair branch before Depths: true
     0 | D:1      | 0 ||| qw: Lair rune preference: random
     0 | D:1      | 0 ||| qw: Goals: Normal
     0 | D:1      | 0 ||| PLANNING D:1-11
    41 | D:1      | Reached skill level 3 in Ranged Weapons
    41 | D:1      | Reached XP level 2. HP: 9/16 MP: 3/3
   286 | D:1      | Reached XP level 3. HP: 21/21 MP: 4/4
   828 | D:1      | 828 ||| UPGRADING to amulet of reflection.
   833 | D:1      | 833 ||| READING 3 scrolls labelled BAONON BIAZ.
   834 | D:1      | 834 ||| READING scroll labelled VAKHLIURREOJ.
   835 | D:1      | 835 ||| READING 2 scrolls of identify.
   835 | D:1      | 835 ||| IDENTIFYING fizzy sapphire potion
   836 | D:1      | 836 ||| DROPPING scroll of poison.
   955 | D:2      | Found a faded altar of an unknown god.
  1297 | D:2      | Reached XP level 4. HP: 26/26 MP: 5/5
  1625 | D:2      | 1625 ||| UPGRADING to +0 ring mail.
  1635 | D:2      | 1635 ||| DROPPING +0 robe.
  1636 | D:2      | 1636 ||| READING scroll labelled TOSHASSATSO.
  1637 | D:2      | 1637 ||| READING scroll labelled UTYINI KAGA.
  1638 | D:2      | 1638 ||| READING 2 scrolls of identify.
  1638 | D:2      | 1638 ||| IDENTIFYING green potion
  1712 | D:3      | HP: 6/26 [iguana (4)]
  1717 | D:3      | HP: 1/26 [iguana (4)]
  1720 | D:3      | Reached skill level 4 in Ranged Weapons
  1874 | D:3      | Reached skill level 1 in Armour
  2135 | D:3      | 2135 ||| FLEEEEING.
  2136 | D:3      | 2136 ||| FLEEEEING.
  2137 | D:3      | 2137 ||| FLEEEEING.
  2186 | D:3      | Reached XP level 5. HP: 30/30 MP: 6/6
  2324 | D:3      | 2324 ||| UPGRADING to +0 helmet.
  2329 | D:3      | 2329 ||| READING scroll labelled RUGYUMU KANIOM.
  2330 | D:3      | 2330 ||| READING scroll labelled KAEMPURCHIUN.
  2331 | D:3      | 2331 ||| READING scroll labelled KATHRI ATOUPSIA.
  2332 | D:3      | 2332 ||| READING 2 scrolls of identify.
  2332 | D:3      | 2332 ||| IDENTIFYING golden potion
  2333 | D:3      | 2333 ||| DROPPING potion of berserk rage.
  2399 | D:4      | Found a shadowy altar of Dithmenos.
  2415 | D:4      | Noticed an ogre
  2424 | D:4      | Killed an ogre
  2425 | D:4      | Reached skill level 5 in Ranged Weapons
  2620 | D:4      | Reached XP level 6. HP: 28/36 MP: 7/7
  2669 | D:4      | Found a hide-covered altar of Uskayaw.
  2704 | D:4      | Reached skill level 3 in Fighting
  2712 | D:4      | Found a shimmering altar of Xom.
  2927 | D:4      | 2927 ||| FLEEEEING.
  2928 | D:4      | 2928 ||| FLEEEEING.
  2929 | D:4      | 2929 ||| FLEEEEING.
  2930 | D:4      | 2930 ||| FLEEEEING.
  2931 | D:4      | 2931 ||| FLEEEEING.
  2932 | D:4      | 2932 ||| FLEEEEING.
  2933 | D:4      | 2933 ||| FLEEEEING.
  2934 | D:4      | 2934 ||| FLEEEEING.
  2936 | D:4      | 2936 ||| FLEEEEING.
  2937 | D:4      | 2937 ||| FLEEEEING.
  2938 | D:4      | 2938 ||| FLEEEEING.
  2939 | D:4      | 2939 ||| FLEEEEING.
  2940 | D:4      | 2940 ||| FLEEEEING.
  2941 | D:4      | 2941 ||| FLEEEEING.
  2942 | D:4      | 2942 ||| FLEEEEING.
  2943 | D:4      | 2943 ||| FLEEEEING.
  2944 | D:4      | 2944 ||| FLEEEEING.
  2945 | D:4      | 2945 ||| FLEEEEING.
  2946 | D:4      | 2946 ||| FLEEEEING.
  2947 | D:4      | 2947 ||| FLEEEEING.
  2948 | D:4      | 2948 ||| FLEEEEING.
  2949 | D:4      | 2949 ||| FLEEEEING.
  2950 | D:4      | 2950 ||| FLEEEEING.
  2951 | D:4      | 2951 ||| FLEEEEING.
  2952 | D:4      | 2952 ||| FLEEEEING.
  2953 | D:4      | 2953 ||| FLEEEEING.
  2954 | D:4      | 2954 ||| FLEEEEING.
  2955 | D:4      | 2955 ||| FLEEEEING.
  2956 | D:4      | 2956 ||| FLEEEEING.
  2957 | D:4      | 2957 ||| FLEEEEING.
  2958 | D:4      | 2958 ||| FLEEEEING.
  2959 | D:4      | 2959 ||| FLEEEEING.
  2960 | D:4      | 2960 ||| FLEEEEING.
  2961 | D:4      | 2961 ||| FLEEEEING.
  2962 | D:4      | 2962 ||| FLEEEEING.
  2963 | D:4      | 2963 ||| FLEEEEING.
  2964 | D:4      | 2964 ||| FLEEEEING.
  2966 | D:4      | 2966 ||| FLEEEEING.
  2967 | D:4      | 2967 ||| FLEEEEING.
  2968 | D:4      | 2968 ||| FLEEEEING.
  2969 | D:4      | 2969 ||| FLEEEEING.
  2974 | D:4      | Reached skill level 6 in Ranged Weapons
  3296 | D:4      | 3296 ||| UPGRADING to ring of resist corrosion.
  3297 | D:4      | 3297 ||| READING scroll labelled DEVIC KIUM.
  3298 | D:4      | 3298 ||| READING scroll labelled PUSSIARUVEI.
  3308 | D:5      | Entered Level 5 of the Dungeon
  3329 | D:5      | Reached XP level 7. HP: 20/44 MP: 8/8
  3598 | D:5      | Reached skill level 7 in Ranged Weapons
  3772 | D:5      | Noticed Dowan
  3773 | D:5      | Noticed Duvessa
  3780 | D:5      | HP: 11/44 [Duvessa/+1 rapier of freezing (1)]
  3782 | D:5      | Slain by Duvessa

Levels and vault maps discovered:
D:1:      heliophobic_arrival_battle_scene, layout_basic, serial_rivers,
          chequers_serial_rivers_large_b, chequers_serial_rivers_small_3,
          chequers_serial_rivers_marsh, chequers_serial_rivers_micro_b,
          chequers_serial_rivers_micro_a
D:2:      layout_basic, basic_ecumenical_altar
D:3:      cheibrodos_old_hovel, layout_basic, amethyst_killhole,
          small_statue_intersection
D:4:      layout_loops_ring, mainiacjoe_overflow_chevrons,
          mainiacjoe_overflow_catwalk, old_standard_altar,
          nicolae_figureground_sparkle
D:5:      minmay_inner_zag, layout_loops_corners, serial_shops,
          nicolae_shop_tiny_glass, st_stairs_6, uniq_duvessa,
          uniq_crazy_yiuf_cottage

Skill      XL: |  1  2  3  4  5  6  7 |
---------------+----------------------+-----
Ranged Weapons | 3 4 5 6 7 |  7.4
Fighting       | 2 4 |  4.4
Armour         | 1 |  1.0
Dodging        | |  1.5
Spellcasting   | |  1.0
Hexes          | |  2.6

Action                     |  1- 3 |  4- 6 |  7- 9 || total
---------------------------+-------+-------+-------++-------
   Fire: Sling             |   110 |   205 |   105 ||   420
    Use: Scroll            |     3 |     9 |       ||    12
 Armour: Robe              |    19 |     1 |       ||    20
         Ring mail         |       |    53 |    44 ||    97
  Dodge: Dodged            |    47 |    69 |    39 ||   155
  Block: Other             |    11 |    43 |    22 ||    76
         Reflection        |       |     2 |       ||     2

Table legend:
 A = Non-vault XP
 B = Vault XP
 C = Vault XP percentage of total XP
 D = Non-vault monster count
 E = Vault monster count
 F = Vault count percentage of total count
                 A         B        C        D         E       F
            +---------+---------+-------+---------+---------+-------
      Total |     818 |     258 |  24.0 |      73 |       7 |   8.8
            +---------+---------+-------+---------+---------+-------
        D:1 |      41 |       0 |   0.0 |      17 |       0 |   0.0
        D:2 |      46 |       0 |   0.0 |      15 |       0 |   0.0
        D:3 |      39 |      39 |  50.0 |      16 |       1 |   5.9
        D:4 |     404 |       0 |   0.0 |      22 |       0 |   0.0
        D:5 |     288 |     219 |  43.2 |       3 |       6 |  66.7
            +---------+---------+-------+---------+---------+-------
